 Dungeon Crawl Stone Soup version 0.29.1-1-gd02db6906a (webtiles) character file.

Game seed: 1826280427514848190

8631 raistware the Devastator (level 11, -1/73 (77) HPs)
             Began as a Human Conjurer on Oct 10, 2022.
             Was an Initiate of Vehumet.
             Slain by a spectral orc warrior
             ... wielding a +0 glaive
             ... summoned by Nergalle
              (4 damage)
             ... on level 10 of the Dungeon.
             The game lasted 00:34:44 (9238 turns).

raistware the Devastator (Human Conjurer)           Turns: 9238, Time: 00:34:49

HP:   -1/73 (77)    AC:  9    Str:  8    XL:     11   Next: 59%
MP:   7/23          EV: 13    Int: 25    God:    Vehumet [......]
Gold: 517           SH:  0    Dex: 11    Spells: 19/26 levels left

rFire   . . .      SeeInvis +   o - +5 spear of Grandeur {drain, Fly rC+++ Will-}
rCold   + + +      Faith    .   (no shield)
rNeg    . . .      Spirit   .   B - +1 robe {Will+}
rPois   .          Reflect  .   (no helmet)
rElec   .          Harm     .   (no cloak)
rCorr   .          Rampage  .   q - +0 pair of gloves
Will    .....                   p - +0 pair of boots
Stlth   ++........              d - amulet of magic regeneration
HPRegen 0.22/turn               H - ring of the Solstice {Int+2 SInv}
MPRegen 0.58/turn               t - +4 ring of protection

@: flying, drained
A: no striking features
a: Renounce Religion


You were on level 10 of the Dungeon.
You worshipped Vehumet.
Vehumet was noncommittal.
You visited 2 branches of the dungeon, and saw 11 of its levels.
You also visited: Bailey.

You collected 517 gold pieces.

Inventory:

Hand Weapons
 o - the +5 spear of Grandeur (weapon) {drain, Fly rC+++ Will-}
   (You found it on level 2 of the Dungeon)

   A truly terrible weapon, it drains the life of any living foe it strikes.
   rC:        It renders you almost immune to cold.
   Fly:       It grants you flight.
   Will:      It decreases your willpower.
Missiles
 f - 21 poisoned darts
 C - 13 curare-tipped darts
Armour
 p - a +0 pair of boots (worn)
 q - a +0 pair of gloves (worn)
 B - a +1 robe of willpower (worn)
 E - a +0 crystal plate armour
 F - a +2 leather armour of poison resistance
Magical Staves
 M - a staff of conjuration
Jewellery
 d - an amulet of magic regeneration (around neck)
 k - a ring of poison resistance
 t - a +4 ring of protection (right hand)
 v - a ring of wizardry
 y - a ring of positive energy
 H - the ring of the Solstice (left hand) {Int+2 SInv}
   (You found it on level 8 of the Dungeon)

   [ring of see invisible]

   Int:       It affects your intelligence (+2).
   SInv:      It lets you see invisible.
Wands
 D - a wand of roots (4)
 G - a wand of polymorph (6)
 I - a wand of digging (1)
Scrolls
 a - a scroll of torment
 e - 2 scrolls of enchant weapon
 h - 5 scrolls of teleportation
 i - 3 scrolls of immolation
 j - a scroll of silence {unknown}
 u - a scroll of fear
 w - a scroll of noise
 A - a scroll of amnesia
 K - a scroll of butterflies {unknown}
 L - 2 scrolls of blinking
Potions
 b - a potion of magic
 c - a potion of heal wounds
 g - 6 potions of curing
 l - a potion of cancellation {unknown}
 m - a potion of ambrosia {unknown}
 n - a potion of flight {unknown}
 r - a potion of invisibility {unknown}
 s - 3 potions of mutation
 x - 2 potions of lignification {unknown}
 z - 2 potions of brilliance
 J - a potion of attraction {unknown}
 N - a potion of haste {unknown}


   Skills:
 - Level 4.0 Fighting
 + Level 1.6 Staves
 - Level 4.0 Armour
 - Level 4.0 Dodging
 - Level 2.0 Stealth
 - Level 8.0 Spellcasting
 - Level 16.0 Conjurations
 - Level 2.0 Translocations
 + Level 1.6 Evocations


You had 19 spell levels left.
You knew the following spells:

 Your Spells              Type           Power      Damage    Failure   Level
a - Magic Dart            Conj           100%       1d8       0%          1
b - Iskenderun's Mystic   Conj/Tloc      53%        2d11      1%          4
q - Blink                 Tloc           40%        N/A       4%          2

Your spell library contained the following spells:

 Spells                   Type           Power      Damage    Failure   Level
 Searing Ray              Conj           100%       2d8       0%          2
 Foxfire                  Conj/Fire      100%       2x1d9     1%          1
 Static Discharge         Conj/Air       50%        3-10/arc  1%          2
 Conjure Flame            Conj/Fire      50%        6-21      1%          3
 Dazzling Flash           Conj/Hex       100%       N/A       1%          3
 Flame Wave               Conj/Fire      50%        2d12      2%          4
 Fulminant Prism          Conj/Hex       25%        3d14      2%          4
 Beastly Appendage        Tmut           20%        N/A       6%          1
 Lightning Bolt           Conj/Air       25%        1d41      6%          5
 Scorch                   Fire           20%        2d6       9%          2
 Wereblood                Tmut           10%        N/A       9%          2
 Portal Projectile        Hex/Tloc       30%        N/A       12%         3
 Inner Flame              Hex/Fire       10%        N/A       19%         3
 Spider Form              Tmut/Pois      10%        N/A       19%         3
 Tukima's Dance           Hex            10%        N/A       19%         3
 Manifold Assault         Tloc           20%        N/A       58%         5
 Blade Hands              Tmut           5%         N/A       86%         5
 Summon Cactus Giant      Summ           5%         N/A       100%        6
 Storm Form               Tmut/Air       5%         N/A       100%        7
 Maxwell's Capacitive Co  Air            5%         ∞         100%        8


Dungeon Overview and Level Annotations

Branches:
Dungeon (10/15)            Temple (1/1) D:5          Bailey (visited)
   Lair: D:8-11         Orc: D:9-12

Altars:
Ashenzari
Cheibriados
Dithmenos
Elyvilon
Fedhas
Gozag
Hepliaklqana
Kikubaaqudgha
Makhleb
Nemelex Xobeh
Okawaru
Qazlal
Ru
Sif Muna
Trog
Uskayaw
Vehumet
Wu Jian
Xom
Yredelemnul
Zin
The Shining One

Shops:
D:3 =

Annotations:
D:10 Nergalle


Message History

You blink.
Found 11 gold pieces.
* * * LOW HITPOINT WARNING * * *
You feel sick.
* * * LOW HITPOINT WARNING * * *
You feel sick.
As you read the scroll of fear, it crumbles to dust.
You assume a fearsome visage.
The spectral orc warrior is unaffected.
The spectral orc knight is unaffected.
The spectral orc warrior is unaffected.
The bullfrog looks frightened!
Nergalle looks frightened!
The troll looks frightened!
The yak looks frightened! x4
* * * LOW HITPOINT WARNING * * *
You feel sick.
The spectral orc knight closely misses you.
Aiming: Fastroot
Press: ? - help, Shift-Dir - straight line, f - yak
Aim: a yak (heavily wounded, fleeing)
Okay, then.
* * * LOW HITPOINT WARNING * * *
You feel sick.
Unknown command.
You feel better.
You feel stable enough to blink again.
The spectral orc knight barely misses you.
The troll pleads, "Please don't kill me!"
You are too injured to fight recklessly!
The spectral orc knight misses you.
The spectral orc warrior hits you from afar with a +0 glaive.
* * * LOW HITPOINT WARNING * * *
You feel drained.
* * * LOW HITPOINT WARNING * * *
Press: ? - help, v - describe, . - travel
Here: a spectral orc warrior, wielding a +0 glaive and wearing a +0 chain mail (severely damaged, summoned)
The floor.
You feel much better.
The spectral orc knight hits you from afar with a +0 bardiche!!
* * * LOW HITPOINT WARNING * * *
The spectral orc warrior hits you from afar with a +0 glaive!
* * * LOW HITPOINT WARNING * * *
You feel drained.
You die...

#.............###..#
###..................#
......................
..........$...........
......................
..........Z..####..###
........ZZ...# ..#
.............# .#
.......@.....# #
.............#
##############


You could see 2 spectral orc warriors and a spectral orc knight (summoned).

Vanquished Creatures
  A two-headed ogre (D:9)
  An orc knight (Bailey)
  A deep elf pyromancer (Bailey)
  A troll (D:10)
  The ghost of sentinel the Digger, an amateur MeEE (D:7)
  Sigmund (D:4)
  A shadow (D:10)
  7 yaks
  A wraith (D:8)
  2 vampire mosquitoes (D:10)
  2 acid dragons
  Duvessa (D:6)
  3 water moccasins
  A sky beast (D:7)
  3 ice beasts
  5 black bears
  7 orc warriors
  An ogre (D:6)
  A centaur (D:8)
  2 phantoms
  11 kobold brigands
  A necrophage (D:5)
  5 bullfrogs
  A scorpion (D:5)
  4 wights (D:8)
  Dowan (D:6)
  5 killer bees
  3 howler monkeys
  An electric eel (D:8)
  4 jellies
  4 orc priests
  Crazy Yiuf (D:6)
  3 hounds
  An iguana (D:5)
  4 orc wizards
  4 gnolls (D:7)
  5 adders
  3 shadow imps
  A white imp (D:6)
  2 ufetubi
  A worm (D:5)
  43 orcs
  6 ball pythons
  2 bats (D:2)
  6 endoplasms
  3 giant cockroaches
  12 goblins
  6 hobgoblins
  4 quokkas
  7 frilled lizards
  11 kobolds
  4 rats
  A spectral orc (D:8)
213 creatures vanquished.

Vanquished Creatures (collateral kills)
  An orc warrior (Bailey)
  An orc (Bailey)
2 creatures vanquished.

Vanquished Creatures (others)
  20 fungi (D:10)
  23 plants (D:10)
43 creatures vanquished.

Grand Total: 258 creatures vanquished

Notes
Turn   | Place    | Note
-------+----------+-------------------------------------------
     0 | D:1      | raistware the Human Conjurer began the quest for the Orb.
     0 | D:1      | Reached XP level 1. HP: 13/13 MP: 3/3
   384 | D:1      | Found a faded altar of an unknown god.
   400 | D:1      | Reached XP level 2. HP: 19/19 MP: 2/5
   473 | D:1      | Learned a level 2 spell: Blink
   827 | D:2      | Reached XP level 3. HP: 24/24 MP: 5/7
   968 | D:2      | Identified the +5 spear of Grandeur {drain, Fly rC+++
                  | Will-}
  1005 | D:2      | Reached skill level 1 in Translocations
  1012 | D:2      | Found a snail-covered altar of Cheibriados.
  1669 | D:3      | Reached XP level 4. HP: 30/30 MP: 5/8
  1758 | D:3      | You are sucked into a shaft and drop 2 floors!
  1758 | D:5      | Entered Level 5 of the Dungeon
  1815 | D:5      | Reached XP level 5. HP: 35/35 MP: 8/11
  1820 | D:5      | Learned a level 4 spell: Iskenderun's Mystic Blast
  1825 | D:5      | Found a staircase to the Ecumenical Temple.
  1834 | Temple   | Entered the Ecumenical Temple
  2319 | D:5      | Noticed an ice beast
  2336 | D:5      | Killed an ice beast
  2337 | D:5      | Reached skill level 5 in Conjurations
  2337 | D:5      | Reached XP level 6. HP: 33/41 MP: 12/12
  2434 | D:5      | Reached skill level 6 in Conjurations
  2548 | D:5      | Reached XP level 7. HP: 46/46 MP: 11/13
  2722 | D:4      | Found a blossoming altar of Fedhas.
  2827 | D:4      | Reached skill level 7 in Conjurations
  2861 | D:4      | Noticed Sigmund
  2872 | D:4      | Killed Sigmund
  3413 | D:3      | Found Golitofa's Jewellery Boutique.
  3572 | D:3      | Found a hide-covered altar of Uskayaw.
  3752 | D:5      | Reached skill level 8 in Conjurations
  3752 | D:5      | Reached XP level 8. HP: 42/52 MP: 6/14
  4303 | D:5      | Found a bloodstained altar of Trog.
  4593 | D:6      | Reached skill level 9 in Conjurations
  4746 | D:6      | Reached skill level 10 in Conjurations
  4976 | D:6      | Noticed Dowan
  4977 | D:6      | Noticed Duvessa
  5005 | D:6      | Killed Dowan
  5013 | D:6      | Killed Duvessa
  5014 | D:6      | Reached skill level 11 in Conjurations
  5175 | D:6      | Reached XP level 9. HP: 57/57 MP: 9/15
  5282 | D:6      | Reached skill level 12 in Conjurations
  5473 | D:6      | Identified the +4 hammer "Jycwugio" {vorpal, rElec}
  5475 | D:6      | Found a runed translucent door.
  5476 | D:6      | Noticed Crazy Yiuf
  5486 | D:6      | Killed Crazy Yiuf
  5708 | D:7      | Reached skill level 13 in Conjurations
  5978 | D:7      | Found a runed translucent gate.
  5979 | D:7      | Found a runed translucent gate.
  5985 | D:7      | Found a runed translucent gate.
  5985 | D:7      | Noticed sentinel's ghost (amateur MeEE)
  6428 | D:7      | Reached skill level 14 in Conjurations
  6433 | D:7      | Killed sentinel's ghost
  6434 | D:7      | Reached XP level 10. HP: 13/63 MP: 4/16
  6437 | D:7      | Reached skill level 15 in Conjurations
  7143 | D:8      | Found a stormy altar of Qazlal.
  7206 | D:8      | Found a snail-covered altar of Cheibriados.
  7322 | D:8      | Found a glowing silver altar of Zin.
  7374 | D:8      | Found an opulent altar of Gozag.
  7497 | D:8      | Reached skill level 16 in Conjurations
  7812 | D:8      | Reached skill level 5 in Spellcasting
  7859 | D:8      | Identified the ring of the Solstice {Int+2 SInv}
  8106 | D:8      | Found a hazy altar of Hepliaklqana.
  8253 | D:9      | Noticed a two-headed ogre
  8264 | D:9      | Killed a two-headed ogre
  8410 | D:10     | Entered Level 10 of the Dungeon
  8410 | D:10     | Found a flagged portal.
  8417 | D:10     | Reached XP level 11. HP: 65/69 MP: 14/21
  8427 | Bailey   | Entered a bailey
  8499 | Bailey   | Reached skill level 1 in Fighting
  8507 | Bailey   | Noticed an orc knight
  8517 | Bailey   | HP: 1/71 [orc knight/+0 trident (21)]
  8523 | Bailey   | Killed an orc knight
  8558 | Bailey   | Found a large runed translucent door.
  8558 | Bailey   | Found a large runed translucent door.
  8560 | Bailey   | Noticed a deep elf pyromancer
  8866 | Bailey   | Killed a deep elf pyromancer
  8867 | Bailey   | Reached skill level 1 in Armour
  8945 | D:10     | Found a glowing golden altar of the Shining One.
  9203 | D:10     | Found a radiant altar of Vehumet.
  9215 | D:10     | Noticed Nergalle
  9219 | D:10     | Became a worshipper of Vehumet
  9225 | D:10     | Reached skill level 1 in Staves
  9225 | D:10     | Reached skill level 1 in Evocations
  9238 | D:10     | HP: 3/75 [spectral orc warrior/+0 glaive[Nergalle] (11)]
  9238 | D:10     | Slain by a spectral orc warrior

Illustrated notes

Levels and vault maps discovered:
D:1:      minmay_arrival_diagonal_passages, layout_rooms,
          shapermc_ecumenical_altar_venn
D:2:      layout_basic, basic_altar
D:3:      layout_basic, nicolae_uskayaw_suspiria, serial_shops, shop_coins,
          st_stairs_6
D:4:      layout_gridville, kennysheep_mini_moat, uniq_sigmund
D:5:      layout_gridville, lemuel_round_altar, minmay_temple_entry_arrows,
          minmay_manual_mandibuliform
D:6:      layout_cave_pools, uniq_duvessa, uniq_crazy_yiuf_cottage
D:7:      layout_loops_ring, gammafunk_ghost_nasty_kobolds
D:8:      layout_basic, pdpol_temple_overflow_zin_treasury_gozag_greed,
          nicolae_hepliaklqana_monster_ancestors, nicolae_overflow_squiral,
          kennysheep_small_spiral, minmay_fractal_squares_gapless_5
D:9:      layout_basic
D:10:     layout_small_grid, mainiacjoe_overflow_chevrons,
          vehumet_altar_wand_db, due_lair_maze_entry_diamond, enter_bailey_5,
          uniq_josephine, uniq_nergalle
Temple:   minmay_temple_forest_path

Skill      XL: |  1  2  3  4  5  6  7  8  9 10 11 |
---------------+----------------------------------+-----
Spellcasting   | 3 4 7 8 |  8.0
Translocations | 1 2 |  2.0
Conjurations   | 5 6 8 11 14 16 | 16.0
Dodging        | 4 |  4.0
Fighting       | 4 |  4.0
Armour         | 4 |  4.0
Staves         | 1 |  1.6
Evocations     | 1 |  1.6
Stealth        | |  2.0

Action                   |  1- 3 |  4- 6 |  7- 9 | 10-12 || total
-------------------------+-------+-------+-------+-------++-------
Melee: Unarmed           |     8 |       |       |       ||     8
       Spear             |       |    31 |   164 |   114 ||   309
       Punch             |       |       |     3 |     2 ||     5
Throw: Dart              |       |       |       |    12 ||    12
 Cast: Magic Dart        |    70 |    50 |   109 |    65 ||   294
       Blink             |       |     1 |       |     1 ||     2
       Iskenderun's Myst |       |     1 |    23 |    57 ||    81
Evoke: Wand              |       |       |       |     2 ||     2
  Use: Scroll            |       |       |     9 |     8 ||    17
       Potion            |       |       |     2 |     4 ||     6
 Stab: Sleeping          |       |     1 |     1 |     3 ||     5
Armor: Robe              |     2 |     5 |    77 |    36 ||   120
Dodge: Dodged            |     8 |    17 |    76 |    72 ||   173
